[ AOE2 MATCH · #505299826 ]
UnrankedKoreans vs Wei
Player's team · WIN
Rival team · LOSS
[ REPLAY ANALYSIS · EXTRACTED FROM THE RECORDED GAME ]
Feudal
9:16
Castle
21:26
Imperial
41:20
| APM avg | 45.0 |
| APM peak | 99 |
| eAPM avg | 22.8 |
| Villagers / military | 148 / 63 |
Focus
⚔️ 40.0% · 🌾 60.0%
Fire Lancer ×22 · War Wagon ×19 · Battering Ram ×7 · Monk ×5 · Iron Pagoda ×5 · Militia ×4
Feudal
10:06
Castle
18:51
Imperial
—
| APM avg | 90.5 |
| APM peak | 130 |
| eAPM avg | 52.3 |
| Villagers / military | 120 / 12 |
Focus
⚔️ 25.1% · 🌾 74.9%
Unknown (1949) ×26 · Mangonel ×8 · Battering Ram ×4
Match map
Initial resources + every placement click. Lines = walls · curves = elevation contours. ◆ gold · ⬟ stone · ● berries · ✦ relic · ◌ wall gap
Your base· Open — 4t gap
Kubiasty's base· Open — 13t gap
Smoothed initial terrain · ◌ = detected wall gap · hover for details
Inputs per minute
— DS_Erick307 - - Kubiasty
Build order — DS_Erick307
First 150 of 326 actions detected
| 0:00 | Queue | Villager (Male) |
| 0:01 | Queue | Villager (Male) |
| 0:01 | Queue | Villager (Male) |
| 0:02 | Build | House |
| 0:05 | Build | House |
| 0:08 | Queue | Villager (Male) |
| 1:26 | Queue | Villager (Male) |
| 1:27 | Queue | Villager (Male) |
| 1:56 | Queue | Villager (Male) |
| 1:57 | Queue | Villager (Male) |
| 2:10 | Build | Lumber Camp |
| 2:24 | Queue | Villager (Male) |
| 2:45 | Queue | Villager (Male) |
| 2:46 | Queue | Villager (Male) |
| 3:05 | Queue | Villager (Male) |
| 3:06 | Queue | Villager (Male) |
| 3:09 | Build | House |
| 3:39 | Queue | Villager (Male) |
| 3:45 | Queue | Villager (Male) |
| 4:23 | Queue | Villager (Male) |
| 4:38 | Queue | Villager (Male) |
| 4:42 | Queue | Villager (Male) |
| 5:19 | Queue | Villager (Male) |
| 5:20 | Queue | Villager (Male) |
| 5:32 | Build | Barracks |
| 5:58 | Build | House |
| 6:25 | Queue | Villager (Male) |
| 6:26 | Research | Loom |
| 6:46 | Research | Feudal Age |
| 6:47 | Research | Feudal Age |
| 7:08 | Queue | Militia |
| 7:14 | Build | Mining Camp |
| 7:38 | Queue | Militia |
| 7:48 | Build | House |
| 7:58 | Queue | Militia |
| 8:30 | Build | Mill |
| 8:37 | Queue | Villager (Male) |
| 9:16 | Age | Feudal Age |
| 9:23 | Research | Man-at-Arms (upgrade) |
| 9:31 | Build | Watch Tower |
| 9:43 | Queue | Villager (Male) |
| 10:03 | Build | Mining Camp |
| 10:09 | Queue | Villager (Male) |
| 10:21 | Build | Watch Tower |
| 10:44 | Build | House |
| 10:55 | Queue | Villager (Male) |
| 10:55 | Queue | Villager (Male) |
| 11:21 | Queue | Villager (Male) |
| 11:21 | Queue | Villager (Male) |
| 11:57 | Queue | Villager (Male) |
| 11:57 | Queue | Villager (Male) |
| 12:18 | Build | Watch Tower |
| 12:25 | Queue | Militia |
| 12:27 | Build | Market |
| 12:32 | Build | Farm |
| 12:33 | Build | Farm |
| 12:33 | Build | Farm |
| 12:33 | Build | Farm |
| 12:33 | Build | Farm |
| 12:34 | Build | Farm |
| 12:37 | Queue | Villager (Male) |
| 13:07 | Build | Blacksmith |
| 13:09 | Queue | Villager (Male) |
| 13:55 | Queue | Villager (Male) |
| 13:55 | Queue | Villager (Male) |
| 13:55 | Queue | Villager (Male) |
| 14:18 | Queue | Villager (Male) |
| 14:20 | Build | Farm |
| 14:29 | Build | Watch Tower |
| 14:32 | Queue | Villager (Male) |
| 14:32 | Queue | Villager (Male) |
| 14:46 | Build | Palisade Wall |
| 14:54 | Research | Fletching |
| 15:18 | Queue | Villager (Male) |
| 15:18 | Queue | Villager (Male) |
| 15:22 | Build | Farm |
| 15:24 | Build | Farm |
| 15:31 | Queue | Villager (Male) |
| 15:57 | Build | Watch Tower |
| 15:58 | Queue | Villager (Male) |
| 16:03 | Queue | Villager (Male) |
| 16:06 | Build | House |
| 16:11 | Build | Farm |
| 16:23 | Queue | Villager (Male) |
| 16:26 | Queue | Spearman |
| 16:43 | Build | House |
| 16:46 | Build | House |
| 16:55 | Research | Town Watch |
| 16:57 | Queue | Villager (Male) |
| 17:27 | Build | Watch Tower |
| 17:29 | Queue | Villager (Male) |
| 17:38 | Queue | Villager (Male) |
| 18:11 | Queue | Villager (Male) |
| 18:33 | Build | Watch Tower |
| 18:46 | Research | Castle Age |
| 18:46 | Research | Castle Age |
| 19:09 | Build | Palisade Wall |
| 19:11 | Build | Palisade Wall |
| 19:37 | Queue | Villager (Male) |
| 19:46 | Queue | Villager (Male) |
| 19:47 | Queue | Villager (Male) |
| 19:59 | Queue | Villager (Male) |
| 20:06 | Research | Stone Mining |
| 20:11 | Research | Double-Bit Axe |
| 20:37 | Build | Watch Tower |
| 20:50 | Queue | Villager (Male) |
| 21:09 | Queue | Villager (Male) |
| 21:26 | Age | Castle Age |
| 21:27 | Research | Bodkin Arrow |
| 21:27 | Research | Bodkin Arrow |
| 21:37 | Queue | Villager (Male) |
| 21:39 | Build | University |
| 21:58 | Queue | Villager (Male) |
| 22:39 | Queue | Villager (Male) |
| 22:41 | Build | Farm |
| 23:06 | Build | Castle |
| 23:20 | Build | Siege Workshop |
| 23:23 | Queue | Villager (Male) |
| 23:39 | Queue | Villager (Male) |
| 23:41 | Queue | Villager (Male) |
| 24:03 | Queue | Iron Pagoda |
| 24:15 | Build | Mining Camp |
| 24:18 | Build | House |
| 24:18 | Queue | Villager (Male) |
| 24:26 | Queue | Villager (Male) |
| 24:35 | Research | Bow Saw |
| 24:37 | Queue | Villager (Male) |
| 24:49 | Build | House |
| 24:50 | Queue | Villager (Male) |
| 25:09 | Queue | War Wagon |
| 25:10 | Queue | War Wagon |
| 25:23 | Queue | Villager (Male) |
| 25:27 | Build | Lumber Camp |
| 25:42 | Queue | Villager (Male) |
| 25:45 | Research | Gold Mining |
| 25:53 | Queue | War Wagon |
| 26:00 | Queue | Iron Pagoda |
| 26:01 | Queue | Iron Pagoda |
| 26:18 | Build | Watch Tower |
| 26:22 | Queue | Villager (Male) |
| 26:32 | Queue | Villager (Male) |
| 26:54 | Queue | Villager (Male) |
| 27:01 | Queue | War Wagon |
| 27:04 | Queue | Villager (Male) |
| 27:10 | Build | House |
| 27:10 | Queue | Villager (Male) |
| 27:26 | Queue | Villager (Male) |
| 27:30 | Queue | War Wagon |
| 27:30 | Queue | War Wagon |
| 27:45 | Build | Outpost |
Build order — Kubiasty
First 150 of 331 actions detected
| 0:01 | Queue | Villager (Male) |
| 0:01 | Queue | Villager (Male) |
| 0:02 | Build | House |
| 0:04 | Build | House |
| 0:07 | Queue | Villager (Male) |
| 0:17 | Queue | Villager (Male) |
| 1:30 | Queue | Villager (Male) |
| 1:54 | Queue | Villager (Male) |
| 1:54 | Queue | Villager (Male) |
| 1:54 | Queue | Villager (Male) |
| 2:25 | Queue | Villager (Male) |
| 2:25 | Queue | Villager (Male) |
| 2:35 | Build | Lumber Camp |
| 2:53 | Queue | Villager (Male) |
| 2:53 | Queue | Villager (Male) |
| 3:00 | Build | House |
| 3:01 | Build | House |
| 3:14 | Queue | Villager (Male) |
| 3:21 | Queue | Villager (Male) |
| 3:41 | Build | House |
| 4:04 | Queue | Villager (Male) |
| 4:09 | Queue | Villager (Male) |
| 4:10 | Queue | Villager (Male) |
| 4:10 | Research | Loom |
| 4:23 | Queue | Villager (Male) |
| 4:37 | Queue | Villager (Male) |
| 4:37 | Queue | Villager (Male) |
| 4:57 | Queue | Villager (Male) |
| 5:26 | Queue | Villager (Male) |
| 5:31 | Build | Mill |
| 5:34 | Build | Mill |
| 5:34 | Queue | Villager (Male) |
| 5:35 | Queue | Villager (Male) |
| 5:38 | Queue | Villager (Male) |
| 5:59 | Build | Palisade Wall |
| 6:13 | Queue | Villager (Male) |
| 7:13 | Build | Palisade Wall |
| 7:35 | Build | Palisade Wall |
| 7:54 | Research | Feudal Age |
| 7:55 | Research | Loom |
| 7:55 | Research | Loom |
| 8:00 | Build | Palisade Wall |
| 8:18 | Build | Palisade Wall |
| 8:18 | Build | Palisade Wall |
| 8:19 | Build | Palisade Wall |
| 8:23 | Build | Palisade Wall |
| 8:24 | Build | Palisade Wall |
| 9:07 | Build | Palisade Wall |
| 9:08 | Build | Palisade Wall |
| 9:10 | Build | Palisade Wall |
| 9:12 | Build | Palisade Wall |
| 9:18 | Build | Palisade Wall |
| 9:21 | Build | Palisade Wall |
| 9:53 | Build | Palisade Wall |
| 10:01 | Build | Farm |
| 10:06 | Build | Palisade Wall |
| 10:06 | Age | Feudal Age |
| 10:10 | Build | Market |
| 10:13 | Build | Palisade Wall |
| 10:16 | Build | Palisade Wall |
| 10:22 | Build | Palisade Wall |
| 10:25 | Build | House |
| 10:35 | Build | Watch Tower |
| 10:53 | Build | House |
| 10:56 | Build | Palisade Wall |
| 11:14 | Queue | Villager (Male) |
| 11:17 | Research | Double-Bit Axe |
| 11:17 | Research | Double-Bit Axe |
| 11:24 | Build | Mining Camp |
| 11:33 | Build | House |
| 12:27 | Queue | Villager (Male) |
| 12:29 | Build | Palisade Wall |
| 12:35 | Build | Palisade Wall |
| 12:35 | Build | Palisade Wall |
| 12:36 | Build | Palisade Wall |
| 12:37 | Build | Palisade Wall |
| 12:39 | Build | Palisade Wall |
| 12:44 | Build | Farm |
| 12:47 | Build | Farm |
| 12:52 | Build | Farm |
| 12:54 | Queue | Villager (Male) |
| 13:13 | Build | Farm |
| 13:14 | Queue | Villager (Male) |
| 13:15 | Queue | Villager (Male) |
| 13:25 | Build | Palisade Wall |
| 14:01 | Build | Lumber Camp |
| 14:02 | Queue | Villager (Male) |
| 14:07 | Build | Stone Wall |
| 14:11 | Build | Stone Wall |
| 14:13 | Build | Stone Wall |
| 14:23 | Queue | Villager (Male) |
| 14:32 | Build | Lumber Camp |
| 14:33 | Queue | Villager (Male) |
| 15:10 | Build | Blacksmith |
| 15:16 | Queue | Villager (Male) |
| 15:49 | Queue | Villager (Male) |
| 15:51 | Build | Farm |
| 15:54 | Build | Farm |
| 15:57 | Build | Farm |
| 16:00 | Build | Farm |
| 16:11 | Research | Castle Age |
| 16:12 | Research | Castle Age |
| 16:27 | Build | Barracks |
| 16:32 | Build | Farm |
| 16:36 | Build | House |
| 16:40 | Build | House |
| 16:42 | Build | House |
| 16:46 | Build | Palisade Wall |
| 16:50 | Build | Palisade Wall |
| 17:00 | Research | Horse Collar |
| 17:00 | Research | Horse Collar |
| 17:16 | Build | Mining Camp |
| 17:22 | Build | Farm |
| 17:25 | Queue | Villager (Male) |
| 17:43 | Build | Farm |
| 18:03 | Research | Stone Mining |
| 18:03 | Research | Stone Mining |
| 18:04 | Research | Stone Mining |
| 18:12 | Queue | Villager (Male) |
| 18:51 | Age | Castle Age |
| 19:04 | Queue | Villager (Male) |
| 19:17 | Build | Town Center |
| 19:18 | Queue | Villager (Male) |
| 19:34 | Queue | Villager (Male) |
| 19:48 | Research | Bow Saw |
| 19:48 | Research | Bow Saw |
| 19:48 | Research | Bow Saw |
| 20:27 | Build | Watch Tower |
| 20:33 | Queue | Villager (Male) |
| 20:42 | Build | Town Center |
| 21:37 | Build | Siege Workshop |
| 21:44 | Queue | Villager (Male) |
| 22:06 | Queue | Villager (Male) |
| 22:15 | Queue | Villager (Male) |
| 22:20 | Queue | Battering Ram |
| 22:20 | Queue | Battering Ram |
| 22:30 | Build | Farm |
| 22:32 | Build | Farm |
| 22:36 | Queue | Villager (Male) |
| 22:36 | Queue | Villager (Male) |
| 22:37 | Build | Farm |
| 22:38 | Build | Farm |
| 22:57 | Queue | Villager (Male) |
| 23:06 | Build | Farm |
| 23:26 | Queue | Battering Ram |
| 23:26 | Queue | Battering Ram |
| 23:36 | Build | Lumber Camp |
| 23:59 | Queue | Villager (Male) |
| 24:09 | Queue | Villager (Male) |
| 24:09 | Queue | Villager (Male) |
Match timeline
| 5:32 | DS_Erick307 · first_building Barracks |
| 5:59 | Kubiasty · wall_segment Palisade Wall x6 |
| 7:13 | Kubiasty · wall_segment Palisade Wall x3 |
| 7:35 | Kubiasty · wall_segment Palisade Wall x3 |
| 8:00 | Kubiasty · wall_segment Palisade Wall x1 |
| 8:18 | Kubiasty · wall_segment Palisade Wall x1 |
| 8:18 | Kubiasty · wall_segment Palisade Wall x1 |
| 8:19 | Kubiasty · wall_segment Palisade Wall x1 |
| 8:23 | Kubiasty · wall_segment Palisade Wall x1 |
| 8:24 | Kubiasty · wall_segment Palisade Wall x1 |
| 9:07 | Kubiasty · wall_segment Palisade Wall x1 |
| 9:08 | Kubiasty · wall_segment Palisade Wall x1 |
| 9:10 | Kubiasty · wall_segment Palisade Wall x1 |
| 9:12 | Kubiasty · wall_segment Palisade Wall x1 |
| 9:16 | DS_Erick307 · age_up feudal |
| 9:18 | Kubiasty · wall_segment Palisade Wall x1 |
| 9:21 | Kubiasty · wall_segment Palisade Wall x1 |
| 9:53 | Kubiasty · wall_segment Palisade Wall x1 |
| 10:06 | Kubiasty · wall_segment Palisade Wall x1 |
| 10:06 | Kubiasty · age_up feudal |
| 10:13 | Kubiasty · wall_segment Palisade Wall x1 |
| 10:16 | Kubiasty · wall_segment Palisade Wall x1 |
| 10:22 | Kubiasty · wall_segment Palisade Wall x1 |
| 10:56 | Kubiasty · wall_segment Palisade Wall x1 |
| 12:29 | Kubiasty · wall_segment Palisade Wall x1 |
| 12:35 | Kubiasty · wall_segment Palisade Wall x1 |
| 12:35 | Kubiasty · wall_segment Palisade Wall x1 |
| 12:36 | Kubiasty · wall_segment Palisade Wall x1 |
| 12:37 | Kubiasty · wall_segment Palisade Wall x1 |
| 12:39 | Kubiasty · wall_segment Palisade Wall x1 |
| 13:25 | Kubiasty · wall_segment Palisade Wall x1 |
| 14:07 | Kubiasty · wall_segment Stone Wall x1 |
| 14:11 | Kubiasty · wall_segment Stone Wall x1 |
| 14:12 | DS_Erick307 · first_market_buy 100 stone |
| 14:13 | Kubiasty · wall_segment Stone Wall x1 |
| 14:46 | DS_Erick307 · wall_segment Palisade Wall x7 |
| 16:27 | Kubiasty · first_building Barracks |
| 16:46 | Kubiasty · wall_segment Palisade Wall x2 |
| 16:50 | Kubiasty · wall_segment Palisade Wall x1 |
| 17:54 | DS_Erick307 · first_market_sell 100 stone |
| 18:51 | Kubiasty · age_up castle |
| 19:09 | DS_Erick307 · wall_segment Palisade Wall x1 |
| 19:11 | DS_Erick307 · wall_segment Palisade Wall x1 |
| 21:26 | DS_Erick307 · age_up castle |
| 21:37 | Kubiasty · first_building Siege Workshop |
| 22:19 | Kubiasty · first_market_sell 100 stone |
| 23:06 | DS_Erick307 · first_building Castle |
| 23:20 | DS_Erick307 · first_building Siege Workshop |
| 26:31 | Kubiasty · first_building Castle |
| 29:11 | Kubiasty · first_market_buy 100 food |
| 30:14 | DS_Erick307 · first_building Monastery |
| 36:31 | Kubiasty · first_building Stable |
| 41:20 | DS_Erick307 · age_up imperial |
| 41:25 | Kubiasty · resign |
[ AI ANALYSIS · 1 CREDIT ]
What really happened in this match?
Wolo.gg analyzes every decision: build order, eco, micro, common mistakes by bracket. Personalized analysis on WhatsApp or Discord in 30 seconds.
Civ guide
Koreans
Perfil
Jugador #2489786